 Dungeon Crawl Stone Soup version 0.31-a0-369-g8eba5f6939 (webtiles) character file.

Game seed: 12223474830327477743

148797 gelatine the Severer (level 16, -2/127 HPs)
             Began as a Demonspawn Gladiator on July 28, 2023.
             Was the Champion of Makhleb.
             Splashed by a goliath frog's acid (8 damage)
             ... called by a spriggan druid
             ... on level 2 of the Swamp.
             The game lasted 01:37:40 (27559 turns).

gelatine the Severer (Demonspawn Gladiator)        Turns: 27559, Time: 01:37:41

Health: -2/127     AC: 35    Str: 21    XL:     16   Next: 65%
Magic:  0/26       EV: 16    Int:  8    God:    Makhleb [******]
Gold:   436        SH: 17    Dex: 19    Spells: 15/15 levels left

rFire   + . .        P - +8 hand axe "Saustomo" {freeze, rN+}
rCold   x x .        J - +0 kite shield
rNeg    + . .        p - +3 plate armour {rF+}
rPois   +            V - +2 helmet of Impressiveness {rC- Dex+3 SInv}
rElec   +            U - +2 cloak {Stlth+}
rCorr   .            a - +1 pair of gloves of Cypnomit {Rampage Regen+ Slay+3}
SInv    +            b - +2 pair of boots
Will    ++...        F - amulet of Feih {Reflect Will+ SH+5 Stlth+} Stlth
                     r - ring of poison resistance
HPRegen 1.21/turn    k - +4 ring of slaying
MPRegen 0.40/turn

%: reflection, guardian spirit, rampage
@: mighty, agile
A: thin metallic scales 3, powered by pain 3, magic shield, magic regeneration,
magic link, demonic touch 2, dopey 1, cold vulnerability 1, MP-powered wands
}: 1/15 runes: gossamer
a: Renounce Religion, Minor Destruction, Lesser Servant of Makhleb, Major
Destruction, Greater Servant of Makhleb


You were on level 2 of the Swamp.
You worshipped Makhleb.
Makhleb was exalted by your worship.
You visited 6 branches of the dungeon, and saw 27 of its levels.
You also visited: Gauntlet.

You collected 2328 gold pieces.
You spent 1892 gold pieces at shops.

Inventory:

Hand Weapons
 j - a +6 broad axe
 P - the +8 hand axe "Saustomo" (weapon) {freeze, rN+}
   (You found it on level 12 of the Dungeon)

   rN:        It protects you from negative energy.
 Y - a +1 hand axe of flaming
Missiles
 d - a throwing net
 z - 13 curare-tipped darts
 M - 9 javelins
Armour
 a - the +1 pair of gloves of Cypnomit (worn) {Rampage Regen+ Slay+3}
   (You bought it in a shop on level 2 of the Orcish Mines)

   Slay:      It affects your accuracy & damage with ranged weapons and melee
   (+3).
   Regen:     It increases your rate of health regeneration.
   Rampage:   It bestows one free step when moving towards enemies.
 b - a +2 pair of boots (worn)
 e - a +2 chain mail of willpower
 i - a +1 chain mail of cold resistance
 p - a +3 plate armour of fire resistance (worn)
 J - a +0 kite shield (worn)
 U - a +2 cloak of stealth (worn)
 V - the +2 helmet of Impressiveness (worn) {rC- Dex+3 SInv}
   (You found it on level 12 of the Dungeon)

   Dex:       It affects your dexterity (+3).
   rC:        It makes you vulnerable to cold.
   SInv:      It lets you see invisible.
Magical Staves
 O - a staff of fire
 T - a staff of air
Jewellery
 k - a +4 ring of slaying (right hand)
 r - a ring of poison resistance (left hand)
 v - a ring of protection from fire
 w - a ring of willpower
 x - a ring of ice
 B - a ring of willpower
 F - the amulet of Feih (around neck) {Reflect Will+ SH+5 Stlth+}
   (You took it off a minotaur in a Gauntlet)

   [amulet of reflection]

   It reflects blocked missile attacks.
   SH:        It affects your SH (+5).
   Will:      It increases your willpower.
   Stlth:     It makes you more stealthy.
 G - the ring "Toeketu" {*Corrode rC+ Int+5 SInv}
   (You found it on level 11 of the Dungeon)

   [ring of protection from cold]

   Int:       It affects your intelligence (+5).
   rC:        It protects you from cold.
   SInv:      It lets you see invisible.
   *Corrode:  It may corrode you when you take damage.
 L - a ring of flight
Talismans
 C - a maw talisman
Wands
 D - a wand of charming (9) (quivered)
 Q - a wand of roots (15)
 Z - a wand of flame (31)
Scrolls
 g - 10 scrolls of teleportation
 h - a scroll of fog
 n - 4 scrolls of revelation
 s - 3 scrolls of poison
 y - a scroll of butterflies
 A - a scroll of vulnerability
 K - 2 scrolls of blinking
 S - a scroll of torment
Potions
 c - 2 potions of brilliance {unknown}
 f - 4 potions of ambrosia
 l - 5 potions of curing
 m - 3 potions of haste
 o - 3 potions of magic
 q - 4 potions of enlightenment
 t - a potion of heal wounds
 u - 5 potions of might
 E - a potion of resistance
 H - 5 potions of berserk rage
 I - 3 potions of cancellation
 R - a potion of invisibility {unknown}
Miscellaneous
 N - a tin of tremorstones (1/2)
 W - a lightning rod (4/4)
 X - a sack of spiders


   Skills:
 * Level 12.3 Fighting
 * Level 17.8 Axes
 + Level 7.2 Throwing
 * Level 11.8 Armour
 * Level 10.0 Dodging
 + Level 3.1 Stealth
 * Level 8.3 Shields
 * Level 13.5 Invocations
 + Level 0.4 Evocations


You had 15 spell levels left.
You didn't know any spells.
Your spell library contained the following spells:

 Spells                   Type           Power      Damage    Failure   Level
 Apportation              Tloc           0%         N/A       100%        1
 Magic Dart               Conj           0%         1d3       100%        1
 Necrotise                Necr           0%         1d4       100%        1
 Summon Small Mammal      Summ           0%         N/A       100%        1
 Ensorcelled Hibernation  Hex/Ice        0%         N/A       100%        2
 Passwall                 Tmut/Erth      0%         N/A       100%        2
 Searing Ray              Conj           0%         2d4       100%        2
 Wereblood                Tmut           0%         N/A       100%        2
 Ozocubu's Armour         Ice            0%         N/A       100%        3
 Swiftness                Air            0%         N/A       100%        3
 Anguish                  Hex/Necr       0%         N/A       100%        4
 Cause Fear               Hex            0%         N/A       100%        4
 Fulminant Prism          Conj/Hex       0%         3d5       100%        4
 Irradiate                Conj/Tmut      0%         3d11      100%        5
 Iskenderun's Battlesphe  Conj           0%         2d6       100%        5
 Leda's Unmaking          Conj/Erth      0%         9d1       100%        6
 Enfeeble                 Hex            0%         N/A       100%        7
 Ozocubu's Refrigeration  Ice            0%         4d7       100%        7
 Spellforged Servitor     Conj/Summ      0%         N/A       100%        7


Dungeon Overview and Level Annotations

Branches:
Dungeon (13/15)            Temple (1/1) D:5            Lair (5/5) D:9
  Swamp (2/4) Lair:2       Spider (4/4) Lair:2        Slime (0/5) Lair:4
    Orc (2/2) D:12            Elf (0/3) Orc:2       Gauntlet (visited)
 Vaults: D:13-14

Altars:
Ashenzari
Cheibriados
Dithmenos
Fedhas
Gozag
Hepliaklqana
Kikubaaqudgha
Makhleb
Nemelex Xobeh
Okawaru
Qazlal
Ru
Sif Muna
Trog
Uskayaw
Vehumet
Wu Jian
Xom
Yredelemnul
Jiyva

Shops:
D:1 (   D:10 (   D:12 *   Orc:2 ([*=*

Annotations:
Lair:3 2 runed translucent doors, cforsyth's ghost, journeyman GnAr
Swamp:2 Jorgrun
Orc:1 Erolcha


Innate Abilities, Weirdness & Mutations

You are completely covered in thin metallic scales. (AC +4, rElec)
You are powered by pain.
When hurt, damage is shared between your health and your magic reserves.
You regenerate magic rapidly.
When low on magic, you restore magic in place of health.
Your touch may inflict irresistible damage on your foes.
You are dopey. (Int -2)
You are vulnerable to cold. (rC-)
You expend magic power (3 MP) to strengthen your wands.


Message History

The alligator tail-slaps you! You block the goliath frog's attack.
The alligator bites you!
The alligator tail-slaps you but does no damage.
The alligator completely misses you. You block the alligator's attack.
You block the swamp worm's attack.
Your +1 hand axe of flaming stops flaming.
The +8 hand axe "Saustomo" {freeze, rN+} glows with a cold blue light!
P - the +8 hand axe "Saustomo" (weapon)
{freeze, rN+} You block the alligator's attack.
The alligator tail-slaps you but does no damage.
Your hellwing hits the goliath frog.
Your hellwing barely misses the goliath frog.
The goliath frog barely misses you. The alligator closely misses you.
The alligator tail-slaps you but does no damage.
You hit the alligator. You freeze the alligator.
The alligator is moderately wounded.
You hit the alligator.
The alligator seems to slow down.
You freeze the alligator. You slash the swamp worm! You freeze the swamp worm.
You kill the swamp worm!
Makhleb accepts your kill.
You feel better.
You closely miss the bunyip. You hit the alligator.
The alligator seems to slow down.
You freeze the alligator. You block the alligator's attack.
The alligator tail-slaps you. The bunyip closely misses you.
You block the bunyip's attack. The bunyip claws you!!!
* * * LOW HITPOINT WARNING * * *
You focus on the pain.
You feel very mighty all of a sudden.
The alligator bites you but does no damage.
You block the alligator's attack.
Blink to where?
Press: ? - help, Q - select action, (/) - cycle Dir - move target
As you read the scroll of blinking, it crumbles to dust.
Jorgrun hits your hellwing but does no damage.
Jorgrun shatters your hellwing.
Jorgrun hits your hellwing with a staff of earth!
The goliath frog hits you from afar!
* * * LOW HITPOINT WARNING * * *
You are splashed with acid!
You die...

~~~~~~~~~~ .~~~§~~~
♣♣..~~~.~ ~......
♣♣~.... ..♣≈
♣♣♣~~...♣♣ ...♣
§..~~.~~~♣♣ ...§~
♣.~~~~~...♣♣ ♣.~~~§
~.~~~~.@~..♣♣♣§~~~~~
..<.~~.§~~.~~~.~~§~~
~...~~~~Ft~)t..~~~~~
♣..~~~~~~~~§t..~~~~~
♣♣..~~..~~4.x~.=.~~~
♣...~~....g♣♣....♣♣
~~.~~~~~....♣ ~~~.♣
~~.~§~~~~...♣ ~~~♣
~~~~§~. ~~♣♣


You could see Jorgrun (ally target), a bunyip (strong), 3 alligators, a goliath
frog and a friendly hellwing (summoned).

Vanquished Creatures
  3 ghost moths (Spider:4)
  4 emperor scorpions
  4 broodmothers
  2 dire elephants (Lair:5)
  A bunyip (Swamp:1)
  A minotaur (Gauntlet)
  A spark wasp (Spider:1)
  Snorg (Orc:1)
  3 entropy weavers
  5 hydras
  A ghost crab (Swamp:1)
  A jorogumo (Spider:4)
  Erica (D:8)
  A catoblepas (Lair:1)
  2 two-headed ogres (D:11)
  4 radroaches
  4 death yaks
  The ghost of promet the Slicer, a journeyman TeFi of Wu Jian (D:12)
  6 alligators
  2 boulder beetles
  3 demonic crawlers
  5 orc high priests (Orc:2)
  Sonja (Orc:1)
  A skyshark (Lair:5)
  2 goliath frogs (Swamp:1)
  A spectral death yak (Lair:5)
  A sun moth (Spider:4)
  2 pharaoh ants
  A spectral anaconda (Lair:5)
  A bog body (Swamp:1)
  A spriggan druid (Swamp:2)
  5 orc knights (Orc:2)
  2 glowing orange brains (Gauntlet)
  7 steelbarb worms
  7 orb spiders
  A swamp dragon (Swamp:2)
  2 obsidian statues
  A deep elf pyromancer (D:12)
  3 necromancers (Lair:5)
  Pikel (D:7)
  24 wolf spiders
  An ugly thing (Gauntlet)
  A cyclops (Orc:2)
  A manticore (D:12)
  A moth of wrath (Spider:2)
  10 elephants (Lair:5)
  Joseph (D:7)
  A torpor snail (Spider:1)
  3 black mambas
  8 cane toads
  3 dire elephant zombies (Lair:5)
  A gargoyle (D:12)
  A dire elephant skeleton (Lair:5)
  2 unseen horrors
  A rime drake (Lair:3)
  3 kobold demonologists
  11 komodo dragons
  2 trolls
  A polar bear (Lair:3)
  4 hornets (Swamp:1)
  2 spectral elephants (Lair:5)
  10 blink frogs
  3 tyrant leeches
  30 tarantellas
  Grinder (D:3)
  7 dream sheep (Lair:5)
  Prince Ribbit (D:7)
  23 culicivoras
  36 jumping spiders
  10 slime creatures
  Sigmund (D:5)
  2 shadows
  A vampire (D:9)
  5 spriggans
  3 wraiths
  3 wyverns
  A human (D:12)
  59 yaks
  35 redbacks
  A basilisk (Lair:2)
  A death yak simulacrum (Lair:5)
  6 swamp worms
  3 acid dragons
  A steam dragon (D:8)
  11 water moccasins
  A warg (D:12)
  A swamp drake (Swamp:1)
  32 orc warriors
  6 black bears
  2 elephant zombies (Lair:5)
  5 ogres
  2 ice beasts
  7 wolves
  A centaur (D:7)
  A lemure (D:7)
  A phantom (D:6)
  An elephant skeleton (Lair:5)
  7 kobold brigands
  19 bullfrogs
  2 gnoll sergeants
  3 scorpions
  5 wights (D:8)
  22 killer bees
  2 elephant simulacra (Lair:5)
  2 electric eels
  6 howler monkeys
  19 orc priests
  A jelly (D:8)
  2 hounds
  3 iguanas
  2 sleepcaps
  21 orc wizards
  Natasha (D:4)
  5 adders
  6 gnolls
  A shadow imp (D:6)
  2 white imps (D:7)
  A worm (D:3)
  3 dart slugs
  86 orcs
  8 ball pythons
  5 bats
  5 endoplasms
  3 giant cockroaches
  5 hobgoblins
  2 jackals (D:4)
  23 kobolds
  4 quokkas
  5 frilled lizards
  2 goblins
  8 rats
  A spectral weapon (Gauntlet)
784 creatures vanquished.

Vanquished Creatures (collateral kills)
  An emperor scorpion (Spider:1)
  A death yak (Lair:4)
  A demonic crawler (Spider:1)
  A skeletal warrior (D:12)
  An orb spider (Spider:4)
  An orc knight (Orc:2)
  A wolf spider (Spider:1)
  A phantasmal warrior (D:12)
  A cyclops (D:12)
  A manticore (D:12)
  2 trolls
  A culicivora (Spider:4)
  A basilisk (Lair:5)
  3 yaks (Lair:1)
  2 orc warriors
  3 orc priests
  An orc wizard (D:12)
  5 orcs
28 creatures vanquished.

Vanquished Creatures (others)
  An emperor scorpion (Spider:1)
  A yak (Lair:2)
  An orc wizard (D:8)
  An orc (Orc:2)
4 creatures vanquished.

Grand Total: 816 creatures vanquished

Notes
Turn   | Place    | Note
-------+----------+-------------------------------------------
     0 | D:1      | gelatine the Demonspawn Gladiator began the quest for the
                  | Orb.
     0 | D:1      | Reached XP level 1. HP: 16/16 MP: 1/1
   126 | D:1      | Reached skill level 3 in Axes
   133 | D:1      | Gained mutation: You are partially covered in thin metallic
                  | scales. (AC +2) [demonic ancestry]
   133 | D:1      | Reached XP level 2. HP: 22/22 MP: 2/2
   195 | D:1      | Found Rulibb's Weapon Boutique.
   255 | D:1      | Found a faded altar of an unknown god.
   399 | D:1      | You fall into a shaft and drop 1 floor!
   447 | D:1      | Gained mutation: You are mostly covered in thin metallic
                  | scales. (AC +3) [demonic ancestry]
   447 | D:1      | Reached XP level 3. HP: 27/27 MP: 3/3
  1312 | D:3      | Noticed Grinder
  1312 | D:3      | Paralysed by Grinder for 2 turns
  1323 | D:3      | Paralysed by Grinder for 4 turns
  1337 | D:3      | Killed Grinder
  1338 | D:3      | Reached skill level 4 in Axes
  1338 | D:3      | Reached skill level 1 in Armour
  1338 | D:3      | Gained mutation: Your touch may inflict minor irresistible
                  | damage on your foes. [demonic ancestry]
  1338 | D:3      | Reached XP level 4. HP: 19/34 MP: 4/4
  1338 | D:3      | Reached XP level 5. HP: 22/39 MP: 5/5
  1820 | D:3      | Found a shimmering blue altar of Sif Muna.
  1858 | D:3      | Reached XP level 6. HP: 46/46 MP: 6/6
  2027 | D:3      | Found a sparkling altar of Nemelex Xobeh.
  2233 | D:3      | Found a burning altar of Makhleb.
  2266 | D:3      | Became a worshipper of Makhleb the Destroyer
  2523 | D:4      | Reached skill level 5 in Axes
  2666 | D:4      | Noticed Natasha
  2671 | D:4      | Killed Natasha
  2672 | D:4      | Reached skill level 1 in Invocations
  3052 | D:5      | Entered Level 5 of the Dungeon
  3137 | D:5      | Found a radiant altar of Vehumet.
  3201 | D:5      | Gained mutation: You regenerate magic rapidly. [demonic
                  | ancestry]
  3201 | D:5      | Reached XP level 7. HP: 52/52 MP: 6/8
  3310 | D:5      | Noticed Sigmund
  3315 | D:5      | Killed Sigmund
  3315 | D:5      | Reached * piety under Makhleb
  3413 | D:5      | Found a staircase to the Ecumenical Temple.
  3698 | D:5      | Reached skill level 6 in Axes
  3711 | D:5      | Gained mutation: You sometimes gain a little power by
                  | taking damage. [demonic ancestry]
  3711 | D:5      | Reached XP level 8. HP: 58/58 MP: 9/9
  4303 | D:6      | Reached skill level 7 in Axes
  4846 | D:6      | Found an ornate altar of the Wu Jian Council.
  4978 | D:7      | Found an ancient bone altar of Kikubaaqudgha.
  5033 | D:7      | Noticed Prince Ribbit
  5041 | D:7      | Reached skill level 5 in Dodging
  5051 | D:7      | Killed Prince Ribbit
  5052 | D:7      | Reached XP level 9. HP: 65/65 MP: 11/11
  5070 | D:7      | Noticed Pikel
  5095 | D:7      | Killed Pikel
  5279 | D:7      | Reached skill level 5 in Armour
  5314 | D:7      | Reached skill level 8 in Axes
  5670 | D:7      | Noticed Joseph
  5686 | D:7      | Killed Joseph
  5686 | D:7      | Reached ** piety under Makhleb
  5687 | D:7      | Reached skill level 5 in Invocations
  6668 | D:8      | Noticed a kobold demonologist
  6694 | D:7      | Killed a kobold demonologist
  6695 | D:7      | Reached XP level 10. HP: 61/73 MP: 14/14
  6714 | D:8      | Reached skill level 5 in Fighting
  6746 | D:8      | Noticed Erica
  6763 | D:8      | Killed Erica
  6764 | D:8      | Reached skill level 9 in Axes
  7659 | D:9      | Reached *** piety under Makhleb
  7748 | D:9      | Reached skill level 10 in Axes
  7769 | D:9      | Found a staircase to the Lair.
  7839 | D:9      | Gained mutation: When hurt, damage is shared between your
                  | health and your magic reserves. [demonic ancestry]
  7839 | D:9      | Reached XP level 11. HP: 64/81 MP: 16/16
  8567 | D:10     | Entered Level 10 of the Dungeon
  8726 | D:10     | Reached skill level 5 in Throwing
  8778 | D:10     | Found a hide-covered altar of Uskayaw.
  8849 | D:10     | Found Xaisoecs's Weapon Emporium.
  8931 | D:10     | Reached **** piety under Makhleb
  9288 | D:10     | Found an iron altar of Okawaru.
  9289 | D:10     | Found a hazy altar of Hepliaklqana.
  9862 | D:11     | Identified the ring "Toeketu" {*Corrode rC+ Int+5 SInv}
  9868 | D:11     | Noticed a two-headed ogre
  9869 | D:11     | Noticed a two-headed ogre
  9951 | D:11     | Killed a two-headed ogre
  9959 | D:11     | Killed a two-headed ogre
  9960 | D:11     | Reached skill level 11 in Axes
 10677 | D:12     | Reached skill level 1 in Shields
 10871 | D:12     | Noticed a deep elf pyromancer
 10882 | D:12     | Killed a deep elf pyromancer
 10915 | D:12     | Found a staircase to the Orcish Mines.
 11016 | D:12     | Gained mutation: You sometimes gain power by taking damage.
                  | [demonic ancestry]
 11016 | D:12     | Reached XP level 12. HP: 83/91 MP: 16/18
 11022 | D:12     | Identified the +8 hand axe "Saustomo" {freeze, rN+}
 11038 | D:12     | Reached skill level 1 in Stealth
 11121 | D:12     | Found Jami's Assorted Antiques.
 11129 | D:12     | Bought a purple potion for 24 gold pieces
 11129 | D:12     | Bought a scroll of identify for 54 gold pieces
 11129 | D:12     | Bought a scroll labelled GUSEHU SAKHEMA for 27 gold pieces
 11161 | D:12     | Found a runed translucent gate.
 11162 | D:12     | Found a runed translucent gate.
 11163 | D:12     | Found a runed translucent gate.
 11165 | D:12     | Noticed promet's ghost (journeyman TeFi)
 11463 | D:12     | Identified the +2 helmet of Impressiveness {rC- Dex+3 SInv}
 11731 | D:13     | Noticed an ogre mage
 11835 | Lair:1   | Entered Level 1 of the Lair of Beasts
 12042 | Lair:1   | Noticed a catoblepas
 12073 | Lair:1   | Killed a catoblepas
 12074 | Lair:1   | Reached skill level 12 in Axes
 12077 | Lair:1   | Reached ***** piety under Makhleb
 12808 | Lair:2   | Found a hole to the Spider Nest.
 13062 | Lair:2   | Found a staircase to the Swamp.
 13784 | Lair:2   | Gained mutation: When low on magic, you restore magic in
                  | place of health. [demonic ancestry]
 13784 | Lair:2   | Reached XP level 13. HP: 99/99 MP: 20/20
 14877 | Lair:3   | Found a large runed translucent door.
 14877 | Lair:3   | Found a large runed translucent door.
 14881 | Lair:3   | Noticed cforsyth's ghost (journeyman GnAr)
 15133 | Lair:3   | Upgraded the game from 0.31-a0-365-gcf821cafb2 to
                  | 0.31-a0-369-g8eba5f6939
 15195 | Lair:4   | Reached skill level 13 in Axes
 15589 | Lair:4   | Found a viscous altar of Jiyva.
 15590 | Lair:4   | Found a staircase to the Slime Pits.
 15653 | Lair:4   | Reached skill level 10 in Invocations
 15775 | Lair:4   | HP: 4/101 [death yak (7)]
 16235 | Lair:5   | Entered Level 5 of the Lair of Beasts
 16411 | Lair:5   | Found a gate leading to a gauntlet.
 16499 | Gauntlet | Entered a Gauntlet
 16499 | Gauntlet | Found a transporter.
 16501 | Gauntlet | Found a runed translucent door.
 16502 | Gauntlet | Found a transporter.
 16516 | Gauntlet | Found a runed translucent door.
 16518 | Gauntlet | Found a transporter.
 16522 | Gauntlet | Found a transporter.
 16524 | Gauntlet | Found a large runed translucent door.
 16524 | Gauntlet | Found a large runed translucent door.
 16525 | Gauntlet | Found a large runed translucent door.
 16526 | Gauntlet | Found a large runed translucent door.
 16526 | Gauntlet | Found a large runed translucent door.
 16526 | Gauntlet | Found a runed translucent door.
 16527 | Gauntlet | Found a large runed translucent door.
 16528 | Gauntlet | Found a large runed translucent door.
 16529 | Gauntlet | Found a large runed translucent door.
 16529 | Gauntlet | Found a large runed translucent door.
 16530 | Gauntlet | Found a runed translucent gate.
 16538 | Gauntlet | Found a runed translucent gate.
 16538 | Gauntlet | Found a transporter.
 16539 | Gauntlet | Found a runed translucent gate.
 16539 | Gauntlet | Found a runed translucent door.
 16541 | Gauntlet | Found a large runed translucent door.
 16541 | Gauntlet | Found a large runed translucent door.
 16542 | Gauntlet | Found a large runed translucent door.
 16543 | Gauntlet | Found a large runed translucent door.
 16552 | Gauntlet | Found a large runed translucent door.
 16552 | Gauntlet | Found a large runed translucent door.
 16552 | Gauntlet | Found a transporter.
 16553 | Gauntlet | Found a large runed translucent door.
 16555 | Gauntlet | Found a transporter.
 16559 | Gauntlet | Found a transporter.
 16588 | Gauntlet | Found a transporter.
 16596 | Gauntlet | Found a transporter.
 16596 | Gauntlet | Found a transporter.
 16604 | Gauntlet | Found a transporter.
 16726 | Gauntlet | Identified the +0 barding "Keojah" {rCorr Int-5 SInv}
 16811 | Gauntlet | Identified the amulet of Feih {Reflect Will+ SH+5 Stlth+}
 16811 | Gauntlet | Noticed a minotaur
 16814 | Gauntlet | Noticed a green death
 16829 | Gauntlet | Killed a minotaur
 17448 | Lair:5   | Noticed a dire elephant
 17455 | Lair:5   | Noticed a dire elephant
 17481 | Lair:5   | Killed a dire elephant
 17873 | Lair:5   | Gained mutation: You are powered by pain. [demonic
                  | ancestry]
 17873 | Lair:5   | Reached XP level 14. HP: 106/109 MP: 22/22
 17989 | Lair:5   | Reached skill level 14 in Axes
 17989 | Lair:5   | Reached skill level 10 in Armour
 18185 | Lair:5   | Reached skill level 10 in Fighting
 19085 | Temple   | Entered the Ecumenical Temple
 19336 | D:12     | Killed promet's ghost
 19653 | Orc:1    | Entered Level 1 of the Orcish Mines
 19653 | Orc:1    | Noticed Sonja
 19655 | Orc:1    | Noticed Snorg
 19670 | Orc:1    | HP: 1/110 [Snorg (7)]
 19674 | Orc:1    | Found a shimmering altar of Xom.
 19953 | Orc:1    | Killed Snorg
 19984 | Orc:1    | Killed Sonja
 20135 | Orc:2    | Entered Level 2 of the Orcish Mines
 20183 | Orc:2    | Found a staircase to the Elven Halls.
 20198 | Orc:2    | Found Rakkiutu's Antique Weapon Emporium.
 20243 | Orc:1    | Noticed Erolcha
 20685 | Orc:2    | Reached ****** piety under Makhleb
 21517 | Orc:2    | HP: 4/111 [orc knight/+0 battleaxe (19)]
 22035 | Orc:2    | Reached skill level 5 in Shields
 22172 | Orc:2    | Found Qurchu Lisk's Assorted Antiques.
 22175 | Orc:2    | Found Roevo's General Store.
 22176 | Orc:2    | Found Tonao's Antique Armour Shop.
 22177 | Orc:2    | Found Fuxirya's Jewellery Shop.
 22180 | Orc:2    | Bought a pair of steaming gloves for 313 gold pieces
 22180 | Orc:2    | Identified the +1 pair of gloves of Cypnomit {Rampage
                  | Regen+ Slay+3} (You bought it in a shop on level 2 of the
                  | Orcish Mines)
 22180 | Orc:2    | Bought a pair of boots for 148 gold pieces
 22200 | Orc:2    | Bought a +4 ring of slaying for 1326 gold pieces
 22416 | Spider:1 | Entered Level 1 of the Spider Nest
 22499 | Spider:1 | Noticed an emperor scorpion
 22538 | Spider:1 | Killed an emperor scorpion
 22638 | Spider:1 | Reached skill level 15 in Axes
 22814 | Spider:1 | Gained mutation: You are completely covered in thin
                  | metallic scales. (AC +4, rElec) [demonic ancestry]
 22814 | Spider:1 | Reached XP level 15. HP: 105/117 MP: 20/24
 23210 | Spider:1 | Noticed an emperor scorpion
 23225 | Spider:1 | Killed an emperor scorpion
 24656 | Spider:3 | Noticed an emperor scorpion
 24669 | Spider:3 | Reached skill level 16 in Axes
 24673 | Spider:3 | Killed an emperor scorpion
 25354 | Spider:3 | Gained mutation: You are frail. (-10% HP) [potion of
                  | mutation]
 25354 | Spider:3 | Gained mutation: Your system is resistant to poisons.
                  | (rPois) [potion of mutation]
 25355 | Spider:3 | Lost mutation: Your system is resistant to poisons. (rPois)
                  | [potion of mutation]
 25355 | Spider:3 | Lost mutation: You are frail. (-10% HP) [potion of
                  | mutation]
 25355 | Spider:3 | Gained mutation: You have sharp toenails. [potion of
                  | mutation]
 25355 | Spider:3 | Gained mutation: Your spells are a little easier to cast,
                  | but a little less powerful. [potion of mutation]
 25356 | Spider:3 | Lost mutation: Your spells are a little easier to cast, but
                  | a little less powerful. [potion of mutation]
 25356 | Spider:3 | Lost mutation: You have sharp toenails. [potion of
                  | mutation]
 25356 | Spider:3 | Gained mutation: You are vulnerable to cold. (rC-) [potion
                  | of mutation]
 25356 | Spider:3 | Gained mutation: You expend magic power (3 MP) to
                  | strengthen your wands. [potion of mutation]
 25415 | Spider:4 | Entered Level 4 of the Spider Nest
 25435 | Spider:4 | Gained mutation: You are dopey. (Int -2) [mutagenic glow]
 25810 | Spider:4 | Gained mutation: Your touch may inflict irresistible damage
                  | on your foes. [demonic ancestry]
 25810 | Spider:4 | Reached XP level 16. HP: 87/127 MP: 1/25
 26054 | Spider:3 | Reached skill level 17 in Axes
 26602 | Spider:4 | Got a gossamer rune of Zot
 26960 | Swamp:1  | Entered Level 1 of the Swamp
 27107 | Swamp:1  | Reached skill level 10 in Dodging
 27537 | Swamp:2  | Noticed Jorgrun
 27559 | Swamp:2  | HP: 6/127 [goliath frog[a spriggan druid] (6)]
 27559 | Swamp:2  | Splashed by a goliath frog's acid

Illustrated notes

Levels and vault maps discovered:
D:1:      lemuel_arrival_hallway, layout_basic, serial_shops, shop,
          shapermc_ecumenical_altar_starsandcircs
D:2:      minmay_alternating_diamond, layout_loops_cross
D:3:      layout_basic, nicolae_overflow_crystal_walls,
          mainiacjoe_overflow_cross_hatched, mainiacjoe_overflow_tiny_flanked,
          uniq_grinder
D:4:      layout_loops_ring, uniq_natasha
D:5:      layout_cave_pods, amcnicky_altar_gilded,
          minmay_temple_entry_antechambers, chequers_hall_statues_wall_a,
          minmay_misc_feat_x, uniq_sigmund
D:6:      layout_basic, nicolae_wu_jian_wuxing_cycle, roderic_roman_lattice
D:7:      layout_cave_pods, mainiacjoe_overflow_boulevard, uniq_prince_ribbit1,
          uniq_joseph, uniq_pikel
D:8:      layout_cave_pods, uniq_erica
D:9:      layout_rooms, due_lair_maze_entry_diamond
D:10:     layout_roguey, mainiacjoe_overflow_paths,
          gammafunk_temple_overflow_statue, serial_shops, shop
D:11:     layout_grid_maze, chequers_mini_garden, chequers_serial_rivers_micro_b
D:12:     layout_irregular_city, erik_orc_4, gammafunk_ghost_split,
          serial_shops, shop, minmay_door_square
D:13:     nzn_winding_woodlands_small [nzn_winding_woodlands_5x15_default,
          nzn_winding_woodlands_center_triple_pond,
          nzn_winding_woodlands_5x15_zeroes], layout_long_grid,
          nicolae_gozag_zags_fifth_avenue
Temple:   cyrus_circular_temple
Lair:1:   layout_regular_city, infiniplex_staircase_pool_2
Lair:2:   layout_regular_city, minmay_swamp_entry_worms,
          nicolae_spider_entry_orb_guardian, lemuel_fruit_tree
Lair:3:   layout_cave_pods, ebering_ghost_disaster_area, serial_bayou_shore_a
Lair:4:   layout_long_grid, slime_entry_1, grunt_megastairs_1
Lair:5:   due_jungle_book, layout_regular_city, gauntlet_entry_generic,
          chequers_serial_rivers_room_a, chequers_serial_rivers_small_a,
          grunt_forest_large_clearings, infiniplex_staircase_pool,
          serial_bayou_shore_b
Swamp:1:  layout_basic_swamp, hangedman_swamp_ruin_hall, swamp_pool4
Swamp:2:  layout_basic_swamp, evilmike_swamp_ruin_rubble_1, swamp_pool1,
          nicolae_swamp_stair_fork, uniq_jorgrun
Spider:1: layout_cave_pods
Spider:2: layout_cave_pods, nicolae_spider_cling_halls
Spider:3: layout_spider_delve
Spider:4: grunt_spider_rune_parallel
Orc:1:    layout_diamond_mine, basic_altar, uniq_erolcha, uniq_sonja,
          uniq_fannar, uniq_snorg
Orc:2:    st_orc_pillars, layout_caves, serial_shops, shop, uniq_urug

Skill      XL: |  1  2  3  4  5  6  7  8  9 10 11 12 13 14 15 16 |
---------------+-------------------------------------------------+-----
Axes           | 3 4 5 6 7 8 10 11 12 13 15 16 17 | 17.8
Dodging        | 3 4 5 6 7 8 9 10 | 10.0
Throwing       | 2 3 4 5 6 7 |  7.2
Armour         | 1 2 3 4 5 6 7 8 9 10 11 | 11.8
Invocations    | 1 2 3 6 8 9 10 12 13 | 13.5
Fighting       | 3 4 5 7 8 9 10 11 12 | 12.3
Shields        | 1 2 3 5 7 8 |  8.3
Stealth        | 2 3 |  3.1
Evocations     | |  0.4

Action                     |  1- 3 |  4- 6 |  7- 9 | 10-12 | 13-15 | 16-18 || total
---------------------------+-------+-------+-------+-------+-------+-------++-------
  Melee: War axe           |    94 |    84 |   194 |    58 |       |       ||   430
         Touch             |       |    11 |    44 |   154 |   177 |       ||   386
         Punch             |       |     1 |     2 |    11 |    12 |       ||    26
         Hand axe          |       |       |       |   673 |   845 |    30 ||  1548
         Broad axe         |       |       |       |       |   488 |   266 ||   754
  Throw: Throwing net      |     8 |     1 |       |     3 |       |       ||    12
         Javelin           |       |    14 |    79 |    49 |       |       ||   142
         Dart              |       |       |       |    11 |       |       ||    11
         Boomerang         |       |       |       |    12 |   397 |    63 ||   472
 Invoke: Major Destruction |       |       |       |     3 |     4 |     3 ||    10
         Lesser Servant of |       |       |       |     2 |    18 |     2 ||    22
         Greater Servant o |       |       |       |       |     5 |     2 ||     7
  Evoke: Wand              |       |       |       |     9 |       |     1 ||    10
         Lightning rod     |       |       |       |       |     4 |     1 ||     5
         Tin of tremorston |       |       |       |       |     1 |     1 ||     2
    Use: Scroll            |       |       |     7 |    14 |    18 |     4 ||    43
         Potion            |       |       |     2 |       |    13 |     2 ||    17
   Stab: Held in net/web   |     1 |     1 |       |       |       |       ||     2
         Distracted        |       |       |       |     3 |     6 |       ||     9
         Petrified         |       |       |       |     8 |       |       ||     8
         Confused          |       |       |       |       |       |     1 ||     1
 Armour: Leather armour    |     8 |       |       |       |       |       ||     8
         Ring mail         |    37 |    35 |   115 |       |       |       ||   187
         Chain mail        |       |       |    12 |   397 |   153 |       ||   562
         Plate armour      |       |       |       |       |   782 |   350 ||  1132
  Dodge: Dodged            |    62 |    46 |   177 |   341 |   642 |   220 ||  1488
  Block: Other             |       |       |       |    61 |   151 |       ||   212
         Kite shield       |       |       |       |       |   699 |   417 ||  1116
         Reflection        |       |       |       |       |    13 |     9 ||    22

Table legend: (Time is in decaauts)
 A = Elapsed time spent in this place.
 B = Non-inter-level travel time spent in this place.
 C = Inter-level travel time spent in this place.
 D = Time resting spent in this place.
 E = Time spent auto-exploring this place.
 F = Levels seen in this place.
 G = Mean time per level.
                   A        B        C        D        E       F      G
               +--------+--------+--------+--------+--------+-----+--------+
         Total |  27257 |  25065 |   2192 |      0 |  19179 |  28 |  973.5 |
       Dungeon |  12979 |  11735 |   1244 |      0 |   9297 |  13 |  998.4 |
        Temple |     15 |     14 |      1 |      0 |      0 |   1 |   15.0 |
          Lair |   6315 |   5808 |    507 |      0 |   4693 |   5 | 1263.0 |
         Swamp |    622 |    593 |     29 |      0 |    383 |   2 |  311.0 |
   Spider Nest |   4439 |   4105 |    334 |      0 |   2794 |   4 | 1109.8 |
  Orcish Mines |   2274 |   2200 |     74 |      0 |   1576 |   2 | 1137.0 |
      Gauntlet |    610 |    610 |      0 |      0 |    433 |   1 |  610.0 |
               +--------+--------+--------+--------+--------+-----+--------+

Top non-repeatable levels by time:
  Lair:5: 1932 daAuts
     D:7: 1749 daAuts
    D:12: 1683 daAuts
    D:11: 1395 daAuts
  Lair:3: 1312 daAuts
Spider:4: 1277 daAuts
   Orc:2: 1253 daAuts
  Lair:2: 1253 daAuts
Spider:2: 1174 daAuts
     D:5: 1148 daAuts
     D:9: 1132 daAuts
Spider:1: 1112 daAuts
     D:3: 1103 daAuts
   Orc:1: 1020 daAuts
  Lair:1: 984 daAuts
